[Event "*** Titled Tuesday Blitz"]
[Site "Chess.com"]
[Date "2020.12.01"]
[Round "1"]
[White "DenishevM"]
[Black "Massakru"]
[Result "1-0"]
[WhiteElo "2588"]
[BlackElo "2282"]
[TimeControl "180+1"]
[EndTime "10:09:43 PST"]
[Termination "DenishevM won on time"]

1. Nf3 d5 2. d4 Nf6 3. c4 c6 4.
Nc3 e6 5. Bg5 dxc4 6. e4 b5 7.
e5 h6 8. Bh4 g5 9. Nxg5 Nd5 10.
Nxf7 Qxh4 11. Nxh8 Bb4 12. Rc1 Qe4+ 13. Be2 Nf4 14.
Qd2 Nxg2+ 15. Kd1 Ne3+ 16. Qxe3 Qxh1+ 17. Kc2 Qg2 18. Ne4 Na6 19. Bf3 Qg7 20. Bh5+ Kd8 21. Nf7+ Kc7 22. a3 Bf8 23. f4 Bd7 24. Rg1 Qh7 25.
Bg6 Qg7 26. Nf6 c5 27. Bh5 cxd4 28. Qxd4 Qxg1 29. Qxg1 Bc6 30. Nd6 Bxd6 31. exd6+ Kxd6 32. Qd4+ Kc7 33. Qe5+ Kb6 34. Ne4 Rd8 35. Bf3 Nc7 36. Qc5+ Kb7 37. Nd6+ Rxd6 38. Qxd6 Bxf3 39. Qe7 Be4+ 40.
Kc1 Kc6 41. Qf6 Bf5 42. Qxh6 Nd5 43. Qg5 a5 44. h4 b4 45. axb4 axb4 46. Qg8 c3 47.
bxc3 Nxc3 48. h5 Kb5 49. h6 Kc4 50. h7 Bxh7 51. Qxh7 b3 52. Kb2 Na4+ 53. Ka3 Nb6 54. Qe4+ Kc5 55. Kxb3 Kd6 56. Qd4+ Nd5 57. Kc4 Ke7 58.
f5 Nc7 59. f6+ Kf7 60. Kc5 Ne8 61. Qh4 Nxf6 62. Qa4 Nd7+ 63. Kd6 Nf8 64. Qf4+ Ke8 65. Qf1 Ng6 66. Kxe6 Nf8+ 67. Kd6 Ng6 68. Qe2+ Kf7 69. Qe6+ Kg7 70. Qg4 Kf6 71. Qg1 Kf5 72. Qb1+ Kf6 73.
Kd5 Kg5 74. Ke6 Nf4+ 75. Ke5 Ng6+ 76. Ke4 Kf6 77. Qb6+ Kg5 78. Qa6 Kh5 79. Kf5 Nh4+ 80. Kf6 Kg4 81. Qc4+ Kg3 82. Kg5 Nf3+ 83. Kf5 Kf2 84. Kf4 Nh2 85. Qc2+ Kg1 86. Qe2 Kh1 87. Kg3 1-0

[Event "*** Titled Tuesday Blitz"]
[Site "Chess.com"]
[Date "2020.12.01"]
[Round "1"]
[White "stepanosinovsky"]
[Black "FelixBlohberger"]
[Result "0-1"]
[WhiteElo "2309"]
[BlackElo "2631"]
[TimeControl "180+1"]
[EndTime "10:09:46 PST"]
[Termination "FelixBlohberger won on time"]

1. e4 c6 2. d3 d5 3. Nd2 e5 4. Ngf3 Bd6 5. g3 Nf6 6. Bg2 O-O 7. O-O Re8 8. Re1 h6 9. a4 a5 10. b3 Nbd7 11. Bb2 Qc7 12. h3 dxe4 13. dxe4 Bb4 14. Re3 Nf8 15. Nh4 Bc5 16. Rd3 b6 17. Nf5 Ba6 18.
c4 Rad8 19. Rxd8 Rxd8 20. Qe2 Bc8 21. Nf3 Ng6 22. Nh2 Qd7 23. Bf3 Qd2 24. Kf1 Qxe2+ 25.
Kxe2 Nh7 26. h4 f6 27. Rd1 Rxd1 28. Kxd1 Bxf2 29. h5 Bxf5 30. exf5 Ne7 31. g4 Ng5 32. Bg2 Bd4 33. Bc1 Kf7 34. Nf1 Ke8 35. Bxg5 hxg5 36.
Ng3 Kd7 37. Ne4 Ng8 38. Bf3 Nh6 39. Kc2 Nf7 40. Kd3 Bc5 41. Kc2 Be7 42. Kd3 Nd8 43.
Kc2 Ke8 44. Kd3 Kd7 45. Kc2 Nf7 46. Kd3 Bd8 47. Kc2 Nh6 48. Kd3 Ng8 49. Kc2 Ne7 50. Kd3 Nc8 51. Kc2 Be7 52. Kd3 Bd8 53. Kc2 Kc7 54. Kd3 Be7 55. Kc2 Na7 56. Kd3 b5 57. Kc2 bxa4 58. bxa4 Nc8 59. Kb3 Nb6 60. Be2 Nd7 61.
Bf3 Bc5 62. Be2 Bd4 63. Bf3 Bb6 64. Be2 Be3 65. Bf3 Bd4 66. Be2 Kd8 67. Bf3 Ke7 68. Be2 Nb6 69. Bf3 Nc8 70. Be2 Kf7 71. Bf3 Ne7 72. Be2 Ke8 73. Bf3 Ba7 74. Be2 Kf7 75. Bf3 Bb6 76. Nd6+ Kf8 77. Ne4 Ke8 78. Nd6+ Kd7 79.
Ne4 Ng8 80. Be2 Nh6 81. Bf3 Nf7 82. Be2 Nd6 83. Bf3 Nxe4 84. Bxe4 Kd6 85. Kc3 Bd4+ 86. Kb3 Kc5 87. Bf3 Ba1 88. Bg2 Bd4 89. Bf1 e4 90. Be2 e3 0-1

[Event "*** Titled Tuesday Blitz"]
[Site "Chess.com"]
[Date "2020.12.01"]
[Round "1"]
[White "ErikRonka"]
[Black "DoHoChess"]
[Result "0-1"]
[WhiteElo "2386"]
[BlackElo "2772"]
[TimeControl "180+1"]
[EndTime "10:10:00 PST"]
[Termination "DoHoChess won on time"]

1. e4 e5 2. Nf3 Nc6 3. Bb5 a6 4. Ba4 b5 5. Bb3 Na5 6. d4 exd4 7. Nxd4 Bb7 8. O-O c5 9. Qh5 c4 10. Bg5 Qb6 11. Be3 Qc7 12. Nc3 cxb3 13. cxb3 Nf6 14.
Qg5 h6 15. Qh4 Nc6 16. Nf5 Ne5 17. Rac1 Qb8 18. Rcd1 Ng6 19. Qh3 Ne5 20. Rfe1 g6 21. f4 gxf5 22. fxe5 Nxe4 23. Qxf5 Nc5 24. Nd5 Bxd5 25.
Rxd5 Ne6 26. Red1 Ra7 27. Qf6 Bg7 28. Qf5 O-O 29. Bxa7 Qxa7+ 30. Qf2 Qc7 31. Rxd7 Qxe5 32. R7d5 Qxb2 33. Qxb2 Bxb2 34. Rd6 a5 35. R1d5 Ba3 36.
Rb6 Bc5+ 37. Rxc5 Nxc5 38. Rxb5 Nd3 39. Rxa5 Rc8 40. h3 Rc1+ 41. Kh2 Ra1 42. Ra7 Nc1 43. Ra6 Rxa2 44. Rxh6 Nxb3 45. Rh4 Nc5 46. Rg4+ Kf8 47.
Rf4 Ne6 48. Rf3 Ra6 49. h4 Kg7 50. Rg3+ Kf6 51. Rf3+ Ke7 52. Rg3 Ra4 53. Rf3 Rxh4+ 54. Kg3 Ra4 55. Rb3 Ra5 56. Rb7+ Kf6 57. Rb3 Kg5 58.
Re3 Ng7 59. Rc3 f5 60. Kh2 Nh5 61. Rh3 Nf6 62. Rg3+ Ng4+ 63. Kh3 Ra1 64. Rb3 Nf2+ 65. Kg3 Ne4+ 66. Kh2 f4 67. Rb8 Ng3 68. Rg8+ Kh4 69. Rh8+ Kg4 70. Rg8+ Kf5 71. Rf8+ Ke4 72. Kh3 Ra5 73.
Re8+ Re5 74. Ra8 Ke3 75. Kg4 Re4 76. Ra3+ Kf2 77. Rf3+ Kxg2 78. Rxf4 Re3 79. Rf8 Ra3 80.
Rb8 Ra4+ 81. Kg5 Kf3 82. Rb3+ Kg2 83. Rb5 Kh3 84. Rb3 Ra5+ 85. Kf6 Kg4 86. Ke6 Kf4 87.
Rb4+ Kf3 88. Rb3+ Kf4 89. Rb4+ Ne4 90. Kd7 Ke5 91. Kc6 Rc5+ 92. Kb6 Rc8 93. Rb5+ Kd6 94. Ka5 Nc5 95. Kb4 Ra8 96. Ra5 Rb8+ 97. Rb5 Rc8 98. Ka3 Kd5 99. Rb4 Ra8+ 0-1

[Event "*** Titled Tuesday Blitz"]
[Site "Chess.com"]
[Date "2020.12.01"]
[Round "2"]
[White "Panterov"]
[Black "venus02"]
[Result "0-1"]
[WhiteElo "2286"]
[BlackElo "2500"]
[TimeControl "180+1"]
[EndTime "10:12:35 PST"]
[Termination "venus02 won by checkmate"]

1. e4 c6 2. Nc3 d5 3. Nf3 dxe4 4.
Nxe4 Nf6 5. Nxf6+ exf6 6. d4 Bd6 7. Be2 O-O 8. O-O Bc7 9. h3 Be6 10. c3 Qd7 11. Qd3 Bxh3 12. gxh3 Qxh3 13. Ne5 Qh4 14.
Nf3 Qg4+ 15. Kh1 Qh3+ 16. Kg1 Re8 17. Re1 Nd7 18. Bf1 Rxe1 19. Nxe1 Qh2# 0-1

[Event "*** Titled Tuesday Blitz"]
[Site "Chess.com"]
[Date "2020.12.01"]
[Round "2"]
[White "Isajevsky_Anton"]
[Black "ViktoriyaTarasova"]
[Result "1-0"]
[WhiteElo "2562"]
[BlackElo "2297"]
[TimeControl "180+1"]
[EndTime "10:12:36 PST"]
[Termination "Isajevsky_Anton won by resignation"]

1. c4 Nf6 2. Nc3 e5 3. Nf3 Nc6 4. e3 Bb4 5. Nd5 Nxd5 6. cxd5 Ne7 7. Nxe5 Nxd5 8. Nxf7 Kxf7 9. Qh5+ g6 10. Qxd5+ Kf8 11.
Qd4 1-0

[Event "*** Titled Tuesday Blitz"]
[Site "Chess.com"]
[Date "2020.12.01"]
[Round "2"]
[White "Bodnar_Mykola"]
[Black "BAS8892"]
[Result "0-1"]
[WhiteElo "2376"]
[BlackElo "2717"]
[TimeControl "180+1"]
[EndTime "10:13:11 PST"]
[Termination "BAS8892 won by resignation"]

1. e4 c6 2. d4 d5 3. exd5 cxd5 4. Bd3 Nc6 5. c3 Qc7 6. Na3 a6 7. Nc2 Nf6 8. h3 e5 9. dxe5 Nxe5 10. Nf3 Bd6 11.
O-O O-O 12. Nxe5 Bxe5 13. Be3 Ne4 14. Bd4 Bd6 15. Ne3 Be6 16. Qh5 f5 17. Rfe1 Bh2+ 18. Kf1 Rae8 19. Rad1 Qf4 20. Qh6 0-1

[Event "*** Titled Tuesday Blitz"]
[Site "Chess.com"]
[Date "2020.12.01"]
[Round "2"]
[White "AliKa2810"]
[Black "FrostNova"]
[Result "0-1"]
[WhiteElo "2585"]
[BlackElo "3004"]
[TimeControl "180+1"]
[EndTime "10:13:25 PST"]
[Termination "FrostNova won by resignation"]

1. d4 f5 2. c4 Nf6 3. Nc3 g6 4. h4 h6 5. e4 fxe4 6. Qe2 d5 7. cxd5 Bf5 8. Bf4 Bg7 9. Qe3 Nxd5 10. Nxd5 Qxd5 11. Ne2 Nc6 12. Bxc7 Rc8 13. Bf4 Nb4 0-1

[Event "*** Titled Tuesday Blitz"]
[Site "Chess.com"]
[Date "2020.12.01"]
[Round "2"]
[White "GianmarcoVaR"]
[Black "dosto07"]
[Result "1/2-1/2"]
[WhiteElo "2649"]
[BlackElo "2319"]
[TimeControl "180+1"]
[EndTime "10:13:30 PST"]
[Termination "Game drawn by agreement"]

1. d4 d5 2. Nf3 Nf6 3. g3 c5 4. Bg2 Nc6 5. O-O cxd4 6. Nxd4 e5 7. Nxc6 bxc6 8. c4 Be6 9. Nc3 Be7 10. Bg5 e4 11.
Qa4 O-O 12. Rfd1 Qb6 13. cxd5 cxd5 14. Bxf6 Bxf6 15. Nxd5 1/2-1/2

[Event "*** Titled Tuesday Blitz"]
[Site "Chess.com"]
[Date "2020.12.01"]
[Round "2"]
[White "zala02"]
[Black "sergivila"]
[Result "1-0"]
[WhiteElo "2170"]
[BlackElo "2385"]
[TimeControl "180+1"]
[EndTime "10:13:35 PST"]
[Termination "zala02 won by resignation"]

1. d4 f5 2. Nc3 Nf6 3. Bg5 d5 4. e3 e6 5. Nf3 Be7 6. Bd3 Ne4 7. Bxe7 Qxe7 8. O-O O-O 9. Ne2 c5 10. c4 dxc4 11.
Bxc4 Nd7 12. Rc1 Kh8 13. dxc5 Ndxc5 14. b4 Nd7 15. Nf4 Nb6 16. Ne5 Nxc4 17. Nfg6+ hxg6 18. Nxg6+ Kh7 19. Qh5+ 1-0

[Event "*** Titled Tuesday Blitz"]
[Site "Chess.com"]
[Date "2020.12.01"]
[Round "2"]
[White "ferdipy"]
[Black "ErikRonka"]
[Result "1-0"]
[WhiteElo "2142"]
[BlackElo "2373"]
[TimeControl "180+1"]
[EndTime "10:13:36 PST"]
[Termination "ferdipy won by resignation"]

1. e4 c5 2. d4 cxd4 3. c3 Nf6 4.
e5 Nd5 5. cxd4 e6 6. Nf3 d6 7. a3 Nc6 8. Bd3 b6 9. O-O Bb7 10. Bd2 Be7 11. Qe2 O-O 12. Nc3 Nxc3 13. Bxc3 Qd7 14.
h4 Rfd8 15. Rfd1 Bf8 16. Ng5 h6 17. Nf3 g6 18. h5 g5 19. Nh2 Bg7 20. Ng4 Qe7 21.
Qe4 1-0

[Event "*** Titled Tuesday Blitz"]
[Site "Chess.com"]
[Date "2020.12.01"]
[Round "2"]
[White "MarcoRiehle"]
[Black "KononenkoD"]
[Result "1-0"]
[WhiteElo "2670"]
[BlackElo "2368"]
[TimeControl "180+1"]
[EndTime "10:13:40 PST"]
[Termination "MarcoRiehle won by resignation"]

1. e4 c6 2. c4 d5 3. exd5 cxd5 4.
cxd5 Nf6 5. Nc3 g6 6. Bc4 Bg7 7. Nf3 O-O 8. O-O a6 9. a4 a5 10.
d4 Nbd7 11. Qb3 Nb6 12. Re1 Nxc4 13. Qxc4 Bf5 14. Bg5 Re8 15. Qb3 Qc7 16. Rac1 Rac8 17.
Ne5 Qd6 18. Bf4 Qa6 19. d6 e6 20. d7 Nxd7 21. Nxd7 Bxd4 22. Be5 Bxe5 23. Nxe5 Rc5 24. Nd7 1-0

[Event "*** Titled Tuesday Blitz"]
[Site "Chess.com"]
[Date "2020.12.01"]
[Round "2"]
[White "FlamingPhoenix2910"]
[Black "Rital44"]
[Result "1-0"]
[WhiteElo "2891"]
[BlackElo "2444"]
[TimeControl "180+1"]
[EndTime "10:13:45 PST"]
[Termination "FlamingPhoenix2910 won by resignation"]

1. e4 e5 2. Nf3 Nc6 3. Bc4 Bb4 4. O-O Nf6 5. Kh1 Be7 6. Kg1 Bc5 7. d4 Bxd4 8. Nxd4 Nxd4 9. f4 d6 10. fxe5 dxe5 11.
Bg5 Be6 12. Na3 Qe7 13. c3 Bxc4 14. Bxf6 Ne6 15. Bxe7 1-0

[Event "*** Titled Tuesday Blitz"]
[Site "Chess.com"]
[Date "2020.12.01"]
[Round "2"]
[White "DonPreuss"]
[Black "Oglob71"]
[Result "0-1"]
[WhiteElo "2237"]
[BlackElo "2442"]
[TimeControl "180+1"]
[EndTime "10:13:45 PST"]
[Termination "Oglob71 won by resignation"]

1. d4 Nf6 2. Nc3 e6 3. e4 d5 4. exd5 exd5 5. Bd3 c6 6. Nge2 Bd6 7. Ng3 O-O 8. O-O Re8 9. Bg5 h6 10. Bd2 Nbd7 11.
f4 Nb6 12. Nf5 Bf8 13. Qf3 Nc4 14. Bc1 Bxf5 15. Bxf5 Nd6 16. Bd3 Nde4 17. Be3 Qe7 18. Rfe1 Qb4 19. Nd1 Qxe1+ 20. Bf1 Nd2 21. Bxd2 Qxd2 22.
Nf2 Qxd4 0-1

[Event "*** Titled Tuesday Blitz"]
[Site "Chess.com"]
[Date "2020.12.01"]
[Round "2"]
[White "Bwert2602"]
[Black "ambaixador"]
[Result "0-1"]
[WhiteElo "2213"]
[BlackElo "2435"]
[TimeControl "180+1"]
[EndTime "10:14:07 PST"]
[Termination "ambaixador won by resignation"]

1. d4 d5 2. Nc3 g6 3. h4 h5 4. e4 dxe4 5. Nxe4 Bg7 6. Nf3 Nd7 7.
Bc4 Nb6 8. Bb3 Bg4 9. Qd3 e6 10. Bg5 Ne7 11. Nf6+ Kf8 12. Ne5 Bf5 13. Qd2 Nbd5 14.
Bxd5 exd5 15. O-O-O Qd6 0-1

[Event "*** Titled Tuesday Blitz"]
[Site "Chess.com"]
[Date "2020.12.01"]
[Round "2"]
[White "romulocardoso"]
[Black "CakeinSpace2002"]
[Result "1-0"]
[WhiteElo "2136"]
[BlackElo "2372"]
[TimeControl "180+1"]
[EndTime "10:14:08 PST"]
[Termination "romulocardoso won by resignation"]

1. e4 c5 2. Nf3 Nc6 3. d4 cxd4 4.
Nxd4 Nf6 5. Nc3 e5 6. Ndb5 d6 7. Bg5 a6 8. Na3 b5 9. Bxf6 gxf6 10.
Nd5 Bg7 11. c4 b4 12. Nc2 a5 13. Bd3 O-O 14. O-O Ne7 15. Nce3 Nxd5 16. Nxd5 Re8 17. f4 f5 18. fxe5 dxe5 19. exf5 e4 20. Bxe4 Rxe4 21. f6 Bg4 22. Qd3 Qe8 23. fxg7 Kxg7 24. Nf6 1-0

[Event "*** Titled Tuesday Blitz"]
[Site "Chess.com"]
[Date "2020.12.01"]
[Round "2"]
[White "Alomaterapia"]
[Black "szefru"]
[Result "1-0"]
[WhiteElo "2435"]
[BlackElo "2217"]
[TimeControl "180+1"]
[EndTime "10:14:10 PST"]
[Termination "Alomaterapia won by resignation"]

1. e4 e5 2. Nf3 Nc6 3. Bc4 Nd4 4. Nxd4 exd4 5. O-O g6 6. d3 Bg7 7. f4 c6 8. Nd2 Ne7 9. Nf3 d5 10. exd5 Nxd5 11. Re1+ Be6 12. Ng5 Qd7 13. Nxe6 fxe6 14. Qg4 Kf7 15. Bd2 Rae8 16. Re2 Nf6 17. Qh3 Re7 18. f5 gxf5 19. Qxf5 Rhe8 20. Rae1 Kf8 21. Bxe6 Qd6 22. Bh6 Rxe6 23. Rxe6 Rxe6 24. Rxe6 Qd7 25. Rxf6+ 1-0

[Event "*** Titled Tuesday Blitz"]
[Site "Chess.com"]
[Date "2020.12.01"]
[Round "2"]
[White "Kolle05"]
[Black "glebus008"]
[Result "1-0"]
[WhiteElo "2439"]
[BlackElo "2232"]
[TimeControl "180+1"]
[EndTime "10:14:11 PST"]
[Termination "Kolle05 won by resignation"]

1. e4 c5 2. Nf3 e6 3. d4 cxd4 4.
Nxd4 Nf6 5. Nc3 d6 6. g3 Be7 7.
Bg2 O-O 8. O-O Nc6 9. f4 Nxd4 10. Qxd4 e5 11. Qd3 exf4 12. Bxf4 Ng4 13. Nd5 Ne5 14.
Qa3 Be6 15. Nxe7+ Qxe7 16. Bxe5 1-0

[Event "*** Titled Tuesday Blitz"]
[Site "Chess.com"]
[Date "2020.12.01"]
[Round "2"]
[White "Kostya_Nikologorskiy"]
[Black "ljuks68"]
[Result "1-0"]
[WhiteElo "2707"]
[BlackElo "2380"]
[TimeControl "180+1"]
[EndTime "10:14:23 PST"]
[Termination "Kostya_Nikologorskiy won by resignation"]

1. d4 d5 2. c4 c6 3. Nc3 Nf6 4. e3 e6 5. Nf3 Nbd7 6. Qc2 Bd6 7. g4 h6 8. Rg1 dxc4 9. Bxc4 b5 10. Be2 Bb7 11. e4 e5 12. Be3 exd4 13. Bxd4 Bf4 14. e5 Nd5 15. Nxd5 cxd5 16. Qf5 Bg5 17. e6 Nf6 18.
Bxb5+ Kf8 19. Bc5+ 1-0

[Event "*** Titled Tuesday Blitz"]
[Site "Chess.com"]
[Date "2020.12.01"]
[Round "2"]
[White "enriquebutti"]
[Black "Akmal_Fayzullaev"]
[Result "0-1"]
[WhiteElo "2025"]
[BlackElo "2355"]
[TimeControl "180+1"]
[EndTime "10:14:28 PST"]
[Termination "Akmal_Fayzullaev won by resignation"]

1. d4 Nf6 2. Nf3 g6 3. c4 Bg7 4. Nc3 c5 5. g3 O-O 6. Bg2 d6 7. dxc5 Qa5 8. O-O dxc5 9. Ne5 Nbd7 10. Nxd7 Nxd7 11. Bd2 Ne5 12. Qb3 Nc6 13. Rfd1 Nd4 14. Qa3 Qxa3 15. bxa3 Bg4 16. f3 Be6 17. Rab1 b6 18.
e3 Nc2 19. Nd5 Bxd5 20. cxd5 Nxa3 21. Rb3 Nc4 22. Bc1 Rad8 23. e4 Bd4+ 24. Kf1 e5 25. Ke2 Nd6 26. Be3 Rfe8 27. a4 f5 28. Rc1 fxe4 29.
fxe4 Rc8 30. Kd2 Rc7 31. a5 b5 32. Bxd4 exd4 0-1

[Event "*** Titled Tuesday Blitz"]
[Site "Chess.com"]
[Date "2020.12.01"]
[Round "2"]
[White "Alexsur1981"]
[Black "LawrenceTrent"]
[Result "1-0"]
[WhiteElo "2832"]
[BlackElo "2527"]
[TimeControl "180+1"]
[EndTime "10:14:30 PST"]
[Termination "Alexsur1981 won by resignation"]

1. e4 e5 2. f4 exf4 3. Bc4 Nf6 4. Nc3 Bb4 5. Nf3 O-O 6. O-O Bxc3 7. dxc3 Nxe4 8.
Bxf4 c6 9. Bd6 Nxd6 10. Qxd6 Qf6 11. Rad1 Qxd6 12. Rxd6 b5 13. Bb3 Na6 14. Ne5 Nc5 15. Bxf7+ Kh8 16. Rf4 Ne6 17. Ng6+ 1-0

[Event "*** Titled Tuesday Blitz"]
[Site "Chess.com"]
[Date "2020.12.01"]
[Round "2"]
[White "mapleaff"]
[Black "Juanovic"]
[Result "0-1"]
[WhiteElo "2388"]
[BlackElo "2175"]
[TimeControl "180+1"]
[EndTime "10:14:32 PST"]
[Termination "Juanovic won by resignation"]

1. e4 c5 2. Nf3 d6 3. Nc3 Nc6 4. d4 cxd4 5. Nxd4 g6 6. Be3 Bg7 7. Bc4 Nf6 8. f3 O-O 9. Qd2 Bd7 10. O-O-O Rc8 11. Bb3 Ne5 12. h4 Nc4 13. Bxc4 Rxc4 14.
h5 a6 15. hxg6 fxg6 16. g4 Qc7 17. Qh2 Rxc3 18. bxc3 Qxc3 19. Rd3 Qa1+ 20. Kd2 Qxa2 21. Bg5 Qa5+ 22. Ke2 Qxg5 23. c4 h5 24. gxh5 Nxh5 25. Rg1 Nf4+ 26. Kf1 Bh3+ 27. Qxh3 Nxh3 28. Rxg5 Nxg5 0-1

[Event "*** Titled Tuesday Blitz"]
[Site "Chess.com"]
[Date "2020.12.01"]
[Round "2"]
[White "c_r_e_e_p_e_r"]
[Black "Quiet_Desperation"]
[Result "0-1"]
[WhiteElo "2309"]
[BlackElo "1659"]
[TimeControl "180+1"]
[EndTime "10:14:39 PST"]
[Termination "Quiet_Desperation won by checkmate"]

1. e4 e6 2. d4 d5 3. Nd2 Nf6 4. e5 Nfd7 5. Bd3 c5 6. c3 Nc6 7.
Ne2 cxd4 8. cxd4 f6 9. exf6 Nxf6 10. Nf3 Bd6 11. O-O Qc7 12. Bg5 O-O 13. Bh4 Nh5 14. Nc3 a6 15. Rc1 Nf4 16. Bb1 Bd7 17. Bg3 Be8 18.
Ng5 h6 19. Bxf4 hxg5 20. Bxg5 Bxh2+ 21. Kh1 Bf4 22. Qg4 Bxg5 23. Qxg5 Qf4 24. Qxf4 Rxf4 25. Na4 Nxd4 26. Nc5 Rh4+ 27. Kg1 Ne2# 0-1

[Event "*** Titled Tuesday Blitz"]
[Site "Chess.com"]
[Date "2020.12.01"]
[Round "2"]
[White "ChronicUnhappiness"]
[Black "kingofthenil"]
[Result "1-0"]
[WhiteElo "2339"]
[BlackElo "2740"]
[TimeControl "180+1"]
[EndTime "10:14:41 PST"]
[Termination "ChronicUnhappiness won by resignation"]

1. c4 Nf6 2. d4 c5 3. d5 e6 4. Nc3 exd5 5. cxd5 g6 6. Nf3 Bg7 7. Bf4 O-O 8. e3 d6 9. h3 Na6 10. Bxa6 b6 11. Bxc8 Rxc8 12. O-O Re8 13. a4 a6 14. Qd3 Ra8 15. Nd2 Nh5 16. Bh2 f5 17. Nc4 f4 18. Bxf4 Nxf4 19. exf4 Rb8 20.
Rae1 Rxe1 21. Rxe1 b5 22. axb5 axb5 23. Nxb5 Rxb5 24.
Nxd6 Qd7 1-0

[Event "*** Titled Tuesday Blitz"]
[Site "Chess.com"]
[Date "2020.12.01"]
[Round "2"]
[White "Pelopidass"]
[Black "mortngabriel"]
[Result "1-0"]
[WhiteElo "2556"]
[BlackElo "2297"]
[TimeControl "180+1"]
[EndTime "10:14:45 PST"]
[Termination "Pelopidass won by resignation"]

1. e4 c5 2. Nf3 e6 3. b3 Nf6 4. e5 Nd5 5. Bb2 Nc6 6. c4 Nde7 7. Nc3 Ng6 8. Ne4 Be7 9. h4 h5 10. g3 Qc7 11. Nd6+ Bxd6 12. exd6 Qxd6 13. Bxg7 Rg8 14.
Bc3 b6 15. d4 cxd4 16. Nxd4 Nxd4 17. Qxd4 Qxd4 18. Bxd4 Bb7 19. Rh2 Ke7 20. Be2 d5 21. cxd5 Bxd5 22. Bxh5 Nf4 23. gxf4 1-0

[Event "*** Titled Tuesday Blitz"]
[Site "Chess.com"]
[Date "2020.12.01"]
[Round "2"]
[White "German_Bazeev"]
[Black "Smile2005"]
[Result "1-0"]
[WhiteElo "2716"]
[BlackElo "2317"]
[TimeControl "180+1"]
[EndTime "10:14:48 PST"]
[Termination "German_Bazeev won by checkmate"]

1. d4 Nf6 2. Nf3 g6 3. c4 Bg7 4. Nc3 O-O 5. Bg5 d6 6. e3 Nbd7 7. Be2 h6 8. Bh4 c5 9. O-O b6 10. Re1 Bb7 11. d5 a6 12. a4 g5 13. Bg3 Nh5 14.
Qc2 Nxg3 15. hxg3 e5 16. Bd3 Nf6 17. Bf5 Bc8 18. Bxc8 Qxc8 19. e4 Qd7 20. Nd2 h5 21. Nf1 g4 22. Ne3 Bh6 23. Nf5 Bg5 24. f3 gxf3 25.
gxf3 h4 26. gxh4 Bf4 27. Ne2 Nh5 28. Kf2 Kh7 29. Rg1 Rg8 30. Rg4 Rxg4 31. fxg4 Nf6 32.
Kf3 Rg8 33. Rg1 b5 34. Nxf4 exf4 35. Qd2 Nh5 36. Rg2 Ng3 37. Rxg3 fxg3 38. Qh6# 1-0

[Event "*** Titled Tuesday Blitz"]
[Site "Chess.com"]
[Date "2020.12.01"]
[Round "2"]
[White "Witik"]
[Black "LaPorfia"]
[Result "1-0"]
[WhiteElo "2615"]
[BlackElo "2299"]
[TimeControl "180+1"]
[EndTime "10:14:49 PST"]
[Termination "Witik won by resignation"]

1. e4 d5 2. exd5 Nf6 3. Nf3 Bg4 4. Bb5+ Nbd7 5. c4 a6 6. Ba4 b5 7. cxb5 Nb6 8. bxa6+ Nxa4 9. Qxa4+ Bd7 10. Qd4 Rxa6 11. Nc3 e6 12. O-O Bd6 13. dxe6 Bxe6 14. Qh4 O-O 15. d4 Re8 16. Re1 Be7 17. Bg5 h6 18. Bxf6 Bxf6 19. Qf4 Be7 20. d5 Bc8 21. Rad1 Rf6 22. Qc4 Ba6 23. Qa4 Bd6 24. Rxe8+ 1-0

[Event "*** Titled Tuesday Blitz"]
[Site "Chess.com"]
[Date "2020.12.01"]
[Round "2"]
[White "TudorAnton"]
[Black "Sacbutt"]
[Result "1-0"]
[WhiteElo "2458"]
[BlackElo "2263"]
[TimeControl "180+1"]
[EndTime "10:14:51 PST"]
[Termination "TudorAnton won by resignation"]

1. d4 Nf6 2. c4 e6 3. Nc3 d5 4. Bg5 Be7 5. e3 O-O 6. Nf3 h6 7. Bh4 b6 8. cxd5 Nxd5 9. Bxe7 Qxe7 10. Be2 Bb7 11. O-O Nd7 12. Nxd5 Bxd5 13. Rc1 c5 14.
dxc5 Nxc5 15. b4 Ne4 16. Qa4 Rac8 17. Nd4 Nc3 18. Qc2 Nxa2 19. Qxc8 Rxc8 20. Rxc8+ Kh7 21. b5 Bxg2 22. Bd3+ g6 23. Kxg2 Qb7+ 24. Rc6 Nb4 25. Be4 Nxc6 26. bxc6 Qc8 27. Rc1 e5 28. Ne2 f5 29.
Bd5 f4 30. c7 fxe3 31. fxe3 a5 32. Be6 1-0

[Event "*** Titled Tuesday Blitz"]
[Site "Chess.com"]
[Date "2020.12.01"]
[Round "2"]
[White "lolo9292"]
[Black "marabu44"]
[Result "0-1"]
[WhiteElo "2439"]
[BlackElo "2279"]
[TimeControl "180+1"]
[EndTime "10:14:51 PST"]
[Termination "marabu44 won by resignation"]

1. Nf3 d5 2. b3 Nf6 3. Bb2 e6 4. g3 g6 5. Bg2 Bg7 6. O-O O-O 7. d3 c5 8. Nbd2 Nc6 9. e4 d4 10. h4 Ng4 11. Ng5 e5 12. Bh3 h5 13. Qf3 f6 14.
Qg2 fxg5 15. Nf3 Ne3 16. fxe3 g4 17. Ng5 gxh3 18. Qd2 Bg4 19. exd4 cxd4 20. Rxf8+ Qxf8 21. Rf1 Qe8 22. c3 Rd8 23. cxd4 exd4 24. Ba3 Qe5 25. Qf2 Be6 26. Kh2 a5 27. Bc1 Nb4 28. Bf4 Nxd3 29. Qd2 Nxf4 30. gxf4 Qd6 31. e5 Qd5 32. Rc1 Bh6 33.
Rc7 Bxg5 34. hxg5 Qg2+ 35. Qxg2 hxg2 36. Kxg2 d3 37. f5 Bxf5 38. e6 Bxe6 39. Rc1 d2 40. Rd1 Bg4 0-1

[Event "*** Titled Tuesday Blitz"]
[Site "Chess.com"]
[Date "2020.12.01"]
[Round "2"]
[White "vugarrasulov"]
[Black "GMaka"]
[Result "1-0"]
[WhiteElo "2897"]
[BlackElo "2442"]
[TimeControl "180+1"]
[EndTime "10:14:52 PST"]
[Termination "vugarrasulov won by resignation"]

1. d4 Nf6 2. c4 g6 3. Nc3 Bg7 4. e4 O-O 5. f3 c6 6. Be3 a6 7. c5 b6 8. cxb6 Qxb6 9. Qd2 d5 10.
Nge2 a5 11. h4 h5 12. e5 Ne8 13. Nf4 Nc7 14. g4 hxg4 15. h5 g5 16. h6 gxf4 17. hxg7 fxe3 18. Qxe3 f6 19. gxf8=Q+ Kxf8 20. Rh8+ Kf7 21. Rxc8 Qxb2 22. Rb1 Qa3 23. Rxc7 1-0

[Event "*** Titled Tuesday Blitz"]
[Site "Chess.com"]
[Date "2020.12.01"]
[Round "2"]
[White "BilodeauA"]
[Black "arminmusovic"]
[Result "1-0"]
[WhiteElo "2833"]
[BlackElo "2531"]
[TimeControl "180+1"]
[EndTime "10:14:53 PST"]
[Termination "BilodeauA won by resignation"]

1. d4 d5 2. Nc3 c5 3. dxc5 e6 4.
e4 d4 5. Nce2 Nc6 6. Ng3 Bxc5 7.
a3 a5 8. Nf3 Nge7 9. Bd3 e5 10.
O-O O-O 11. h3 h6 12. Nh2 Be6 13. Bd2 Rc8 14. Qe2 Ba7 15. Ng4 Ng6 16. Nh5 Bxg4 17.
Qxg4 Qh4 18. Qf3 Nd8 19. Ng3 Nf4 20. Nf5 Qg5 21. h4 Qf6 22. Bxf4 exf4 23. e5 Qxe5 24. Rae1 Qxe1 25. Rxe1 Nc6 26. Nxh6+ 1-0

[Event "*** Titled Tuesday Blitz"]
[Site "Chess.com"]
[Date "2020.12.01"]
[Round "2"]
[White "Marty435"]
[Black "A-S-00"]
[Result "1-0"]
[WhiteElo "2653"]
[BlackElo "2308"]
[TimeControl "180+1"]
[EndTime "10:14:54 PST"]
[Termination "Marty435 won by resignation"]

1. e4 c5 2. Nf3 Nc6 3. d4 cxd4 4.
Nxd4 Nf6 5. Nc3 e6 6. Ndb5 Bb4 7. a3 Bxc3+ 8. Nxc3 d5 9. exd5 exd5 10. Bd3 O-O 11.
O-O Bg4 12. Ne2 Ne5 13. Bb5 a6 14. Ba4 b5 15. Bb3 Nc4 16. f3 Bh5 17. Nf4 Bg6 18. Nxg6 hxg6 19. Bg5 Qb6+ 20. Kh1 Rad8 21. Qc1 Rd7 22.
c3 Nh5 23. Qc2 Ne3 24. Qf2 Re8 25. Rfe1 d4 26. cxd4 1-0